 Dungeon Crawl Stone Soup version 0.25-a0-1130-g3926558f3a (webtiles) character file.

Game seed: 7779350563062589347, levelgen mode: deterministic

284 kae the Chiller (level 6, -1/41 HPs)
             Began as a Merfolk Ice Elementalist on May 19, 2020.
             Slain by a killer bee (7 damage)
             ... on level 3 of the Dungeon.
             The game lasted 00:02:30 (3009 turns).

kae the Chiller (Merfolk Ice Elementalist)          Turns: 3009, Time: 00:02:31

Health: -1/41      AC:  3    Str: 10    XL:     6   Next: 29%
Magic:  11/11      EV: 12    Int: 14    God:
Gold:   156        SH:  0    Dex: 15    Spells: 11/12 levels left

rFire    . . .     SeeInvis .   n - +6 short sword
rCold    + . .     Gourm    .   (no shield)
rNeg     . . .     Faith    .   o - +0 leather armour
rPois    .         Spirit   .   (no helmet)
rElec    .         Reflect  .   (no cloak)
rCorr    .         Harm     .   (no gloves)
MR       .....                  (no boots)
Stlth    ++........             (no amulet)
HPRegen  0.13/turn              d - ring of protection from cold
MPRegen  0.12/turn              (no ring)

@: lethally poisoned (-1 -> -10), flying, very slightly contaminated, invisible
A: change form in water, swift swim, stealthy swim
a: no special abilities


You were on level 3 of the Dungeon.
You were not hungry.

You visited 1 branch of the dungeon, and saw 3 of its levels.

You collected 156 gold pieces.

Inventory:

Hand Weapons
 e - a +0 short sword
 n - a +6 short sword (weapon)
 p - a +0 spear
Armour
 a - a +0 robe
 o - a +0 leather armour (worn)
Jewellery
 d - a ring of protection from cold (left hand)
 m - an uncursed amulet of guardian spirit
Scrolls
 k - a scroll of identify
Potions
 b - a potion of curing
 f - a potion of invisibility
 i - a potion of flight
 j - a potion of magic {unknown}
 l - a potion of lignification {unknown}
Comestibles
 c - 3 rations


   Skills:
 + Level 1.0 Polearms
 - Level 2.6 Dodging
 - Level 2.1 Stealth
 + Level 3.6 Spellcasting
 * Level 7.0 Ice Magic


You had 11 spell levels left.
You knew the following spells:

 Your Spells              Type           Power        Failure   Level  Hunger
a - Freeze                Ice            ###.         1%          1    None

Your spell library contained the following spells:

 Spells                   Type           Power        Failure   Level  Hunger
 Frozen Ramparts          Ice            ###...       4%          3    ###....
 Ozocubu's Armour         Chrm/Ice       ##......     19%         3    ###....
 Hailstorm                Conj/Ice       ##......     54%         4    ####...
 Summon Ice Beast         Ice/Summ       ##......     54%         4    ####...


Dungeon Overview and Level Annotations

Branches:
Dungeon (3/15)

Altars:
Cheibriados
Wu Jian

Annotations:
D:3 Sigmund


Message History

The killer bee is severely wounded.
You feel less invigorated.
You feel less confused.
You feel sick. The killer bee closely misses you. The killer bee stings you.
* * * LOW HITPOINT WARNING * * *
The killer bee barely misses you.
You catch the helpless killer bee completely off-guard!
You hit the killer bee.
You kill the killer bee!
Your Polearms skill increases to level 1!
Your Ice Magic skill increases to level 7!
* * * LOW HITPOINT WARNING * * *
You feel sick. The killer bee closely misses you. The killer bee stings you.
* * * LOW HITPOINT WARNING * * *
It was a potion of flight.
You feel very buoyant.
You fly up into the air.
* * * LOW HITPOINT WARNING * * *
You feel sick. The killer bee stings you!
You die...

##.###... ....
##........ ....
#...#.#... ...
#.#...#.## {y #...###.#
#y#########.####.#
#y#......##......#
#yy.####.##.#######
######@.##......# #...
#..)........#.#######...
..##....8...#.# #.....
#...8.8....# #.....
#..8._.8..†# #...>.
##..8.8..### #.#...
#...8...# #.#...
#.......# #.##..
######### #.....


You could see 5 killer bees.

Vanquished Creatures
  A big kobold (D:3)
  A killer bee (D:3)
  An iguana (D:3)
  4 gnolls
  4 adders (D:2)
  A worm (D:2)
  2 dart slugs
  A leopard gecko (D:2)
  An orc (D:2)
  5 giant cockroaches
  3 goblins
  9 hobgoblins
  5 jackals
  13 kobolds
  A ball python (D:3)
  8 bats
  3 frilled lizards
  3 rats
66 creatures vanquished.

Notes
Turn   | Place    | Note
-------+----------+-------------------------------------------
     0 | D:1      | kae the Merfolk Ice Elementalist began the quest for the
                  | Orb.
     0 | D:1      | Reached XP level 1. HP: 13/13 MP: 3/3
   186 | D:1      | Reached XP level 2. HP: 18/19 MP: 1/5
   507 | D:1      | Reached skill level 5 in Ice Magic
   507 | D:1      | Reached XP level 3. HP: 18/24 MP: 1/6
   991 | D:2      | Found an ornate altar of the Wu Jian Council.
  1080 | D:2      | Found a snail-covered altar of Cheibriados.
  1180 | D:2      | Reached XP level 4. HP: 28/30 MP: 3/8
  1981 | D:3      | Reached skill level 6 in Ice Magic
  1981 | D:3      | Reached XP level 5. HP: 9/35 MP: 3/9
  2512 | D:3      | Noticed a big kobold
  2522 | D:3      | Killed a big kobold
  2880 | D:3      | Reached XP level 6. HP: 37/41 MP: 6/11
  2988 | D:3      | Found a faded altar of an unknown god.
  2999 | D:3      | Noticed Sigmund
  3008 | D:3      | Reached skill level 1 in Polearms
  3008 | D:3      | Reached skill level 7 in Ice Magic
  3009 | D:3      | Slain by a killer bee

Illustrated notes

Levels and vault maps discovered:
D:1:      minmay_arrival_split_and_join, layout_rooms, grunt_decor_one_mirror
D:2:      layout_basic, cheibriados_altar_1, nicolae_overflow_crystal_walls,
          serial_rivers, chequers_serial_rivers_micro_e,
          chequers_serial_rivers_marsh, chequers_serial_rivers_micro_d,
          chequers_serial_rivers_marsh, chequers_serial_rivers_marsh,
          chequers_serial_rivers_room_b
D:3:      cheibrodos_thug_alley, layout_loops_cross,
          chequers_ecumenical_altar_simple_redux, kennysheep_potato,
          uniq_sigmund

Skill      XL: |  1  2  3  4  5  6 |
---------------+-------------------+-----
Ice Magic      | 5 6 7 |  7.0
Spellcasting   | 3 |  3.6
Polearms       | 1 |  1.0
Dodging        | |  2.6
Stealth        | |  2.1

Action                   |  1- 3 |  4- 6 || total
-------------------------+-------+-------++-------
Melee: Short sword       |    26 |    39 ||    65
       Tailslap          |       |     1 ||     1
 Cast: Freeze            |    35 |    56 ||    91
  Use: Potion            |       |     4 ||     4
       Scroll            |       |     2 ||     2
 Stab: Sleeping          |     3 |     4 ||     7
       Invisible         |       |     1 ||     1
  Eat: Chunk             |     1 |     6 ||     7
Armor: Robe              |     9 |     6 ||    15
       Leather armour    |       |     5 ||     5
Dodge: Dodged            |    41 |    75 ||   116

Table legend:
 A = Non-vault XP
 B = Vault XP
 C = Vault XP percentage of total XP
 D = Non-vault monster count
 E = Vault monster count
 F = Vault count percentage of total count
                 A         B        C        D         E       F
            +---------+---------+-------+---------+---------+-------
      Total |     297 |     109 |  26.8 |      55 |      11 |  16.7
            +---------+---------+-------+---------+---------+-------
        D:1 |      42 |       0 |   0.0 |      15 |       0 |   0.0
        D:2 |     100 |       0 |   0.0 |      28 |       0 |   0.0
        D:3 |     155 |     109 |  41.3 |      12 |      11 |  47.8
            +---------+---------+-------+---------+---------+-------
